Zazza, neutral female human Tourist ------- --------------- |<.....# ............... |.....|# # |.............| |.....|## #####-.............| |.....|# # |.............| |.....+######## -------.------- -----+-# # ### # ### B@###### ---.- |...| |...| |...| |...| ----- Zazza the Rambler Experience level: 1 Strength: 12 Dexterity: 12 Constitution: 15 Intelligence: 14 Wisdom: 10 Charisma: 13 Health: 0(18) Energy: 2(2) Def: 0 Gold: 593 Moves: 1782 Dungeon seed: DqYs_XaJ7i8tsNkA Game ID: Zazza_1564479221 Your Inventory: Coins $ - 593 gold pieces Weapons a - 34 +2 darts (in quiver) u - a +0 crossbow v - a +0 orcish dagger w - 5 +0 darts E - a cursed -2 spear K - a +0 dagger (weapon in hand) Armor e - an uncursed +0 Hawaiian shirt (being worn) y - an uncursed +0 orcish helm Comestibles b - 2 uncursed tripe rations c - 4 uncursed food rations h - an uncursed egg j - an uncursed eucalyptus leaf k - an uncursed apple z - an uncursed cram ration J - an uncursed candy bar Scrolls m - 2 uncursed scrolls of magic mapping s - 2 uncursed scrolls of identify t - an uncursed scroll of remove curse A - an uncursed scroll of enchant weapon C - an uncursed scroll of stinking cloud L - an uncursed scroll of confuse monster M - an uncursed scroll of charging Spellbooks q - an uncursed spellbook of force bolt Potions l - 2 uncursed potions of extra healing O - an uncursed potion of object detection Wands G - a wand of lightning (0:4) Tools n - an expensive camera (0:83) o - an uncursed credit card r - an uncursed magic whistle I - an uncursed tallow candle (0:200) Gems N - 2 uncursed worthless pieces of red glass Spells and supernatural/magical abilities: Name Level Category Fail Memory W - pray for help -- divine ? -- Your skills at the end: Fighting Skills Weapon Skills dart [Basic] Spellcasting Skills Final Attributes: You had strayed. You are dead. Vanquished creatures: a giant bat a dwarf zombie an iguana 2 coyotes a hobbit 2 yellow molds a green mold a red mold 3 gnomes 3 garter snakes 2 geckos a kobold 2 goblins 2 sewer rats 4 grid bugs a lichen a kobold zombie 7 newts 36 creatures vanquished. Voluntary challenges: You used a wielded weapon 11 times, starting on turn 982. You read items or engraved 3 times, starting on turn 17. You never genocided any monsters. You never polymorphed an object. You never changed form. You used no wishes. You never split a pudding. You never wrote Elbereth's name. You violated your moral code, losing 2 points of alignment, starting on turn 1608. Dungeon overview: The Dungeons of Doom: levels 1 to 6 Level 1 an altar to The Lady a long staircase Level 2 a scroll shop, an altar to The Lady, some fountains Level 3 a fountain Level 4 a fountain stairs to The Gnomish Mines Level 5 Level 6 <- You were here a long staircase The Gnomish Mines: Level 5 stairs to The Dungeons of Doom History has recorded: On T:1 you entered the Dungeons of Doom to retrieve the Amulet of Yendor! On T:213 you reached level 2 of The Dungeons of Doom. On T:718 you reached level 3 of The Dungeons of Doom. On T:1241 you reached level 4 of The Dungeons of Doom. On T:1489 you reached level 1 of The Gnomish Mines. On T:1574 you reached level 5 of The Dungeons of Doom. On T:1719 you reached level 6 of The Dungeons of Doom. Score breakdown: Gold: 455 ( 9044 points) Experience: 1 level ( 0 points) Exploration: 6 levels ( 12.77%) ( 9890 points) Discoveries: 3 items ( 1.01%) ( 3010 points) Valuables value: (no points given unless you survive) Artifact value: 0 ( 0 points) Variety of kills: 18 monsters ( 4.72%) ( 6520 points) Turncount: 1782 turns ( 0 points) Survival: died (score multiplied by 80%) Total score: 22771 Latest messages: O - a puce potion. Suddenly, Armand disappears out of sight. Please move the cursor to an unknown object. Never mind. You step onto a level teleport trap! You are momentarily blinded by a flash of light. You see here a food ration. $ - 25 gold pieces. You hear some noises in the distance. You see here a food ration. c - an uncursed food ration. You are beginning to feel hungry. The door resists! The door opens. You displace Armand. $ - 12 gold pieces. You displace Armand. You hear some noises. The giant bat bites! (2x) You miss it. The giant bat bites! You miss it. The giant bat bites! (2x) You die... Final status: Aloha Zazza the Tourist, killed by a giant bat... You died in The Dungeons of Doom on dungeon level 6 with 22771 points, and 593 pieces of gold, after 1782 moves. You were level 1 with a maximum of 18 hit points when you died.